| TOP OF THE 1ST |
|
Lynn Sailors batting - Pitching for Waterbury Rough Riders : RHP Jeffrey Orville
|
|
Pitching: RHP Jeffrey Orville
|
|
|
Batting: SHB Bip Roberts
|
0-0: Ball 1-0: Ball 2-0: Foul Ball, location: 2F 2-1: Foul Ball, location: 2F 2-2: Ball 3-2: Base on Balls
|
|
Batting: RHB Ron Wotus
|
0-0: Called Strike 0-1: Ball 1-1: Ball 2-1: Foul Ball, location: 2F 2-2: Strikes out swinging
|
|
Batting: RHB Mike Rubel
|
0-0: Called Strike 0-1: SINGLE (Line Drive, 34, EV 95.0 MPH) Bip Roberts to second Runner from 2nd tries for 3rd, SAFE, throw by RF made to third
|
|
Batting: RHB Ken Gerhart
|
0-0: Called Strike 0-1: Foul Ball, location: 2F 0-2: Ball 1-2: Foul Ball, location: 2F 1-2: Ball 2-2: Foul Ball, location: 2F 2-2: Foul Ball, location: 2F 2-2: Foul Ball, location: 2F 2-2: DOUBLE (Flyball, 89XD, EV 109.4 MPH) Bip Roberts scores Mike Rubel to third
|
|
Batting: RHB Mike Reddish
|
0-0: Ball 1-0: Called Strike 1-1: Fly out, F9 (Flyball, 89S, EV 93.8 MPH)
|
|
Batting: RHB Jorge Hinojosa
|
0-0: Ball 1-0: Ball 2-0: Called Strike 2-1: Ball 3-1: SINGLE (Line Drive, 5D, EV 105.0 MPH) Mike Rubel scores Ken Gerhart to third Runner from 3rd tries for Home, SAFE, throw by LF to home
|
|
Batting: RHB Vinny Jaramillo
|
0-0: Ball 1-0: Foul Ball, location: 2F 1-1: Fly out, F4 (Flyball, 34D, EV 70.0 MPH)
|
| Top of the 1st over - 3 runs, 3 hits, 0 errors, 1 left on base; Lynn 3 - Waterbury 0 |
| BOTTOM OF THE 1ST |
|
Waterbury Rough Riders batting - Pitching for Lynn Sailors : LHP Manuel Pena
|
|
Pitching: LHP Manuel Pena
|
|
|
Batting: RHB David Corman
|
0-0: SINGLE (Line Drive, 3L, EV 100.6 MPH)
|
|
Batting: RHB Daniel Purpura
|
0-0: Foul Ball, location: 2F 0-1: Foul Ball, location: 2F 0-2: Foul Ball, location: 2F 0-2: Ball 1-2: Ball 2-2: Ball 3-2: Base on Balls David Corman to second
|
|
Batting: RHB Billy Beane
|
0-0: Called Strike 0-1: Ball 1-1: Ball 2-1: Called Strike 2-2: SINGLE (Groundball, 34D, EV 110.6 MPH) David Corman to third Daniel Purpura to second Runner from 3rd tries for Home, SAFE, throw by RF to home
|
|
Batting: RHB Gary Skow
|
0-0: Ball 1-0: Foul Ball, location: 2F 1-1: Foul Ball, location: 2F 1-2: Ball 2-2: Ball 3-2: Foul Ball, location: 2F 3-2: Strikes out swinging
|
|
Batting: RHB Jack Fimple
|
0-0: Ball 1-0: Grounds into double play, 6-4-3 (Groundball, 6, EV 81.9 MPH)
|
| Bottom of the 1st over - 1 run, 2 hits, 0 errors, 1 left on base; Lynn 3 - Waterbury 1 |
| TOP OF THE 2ND |
|
Lynn Sailors batting - Pitching for Waterbury Rough Riders : RHP Jeffrey Orville
|
|
Batting: SHB Danny Gans
|
0-0: Ball 1-0: Fly out, F6 (Popup, 4M, EV 61.9 MPH)
|
|
Batting: RHB Ezequiel Carrasco
|
0-0: Ball 1-0: Ball 2-0: Ball 3-0: Called Strike 3-1: Foul Ball, location: 2F 3-2: Fly out, F7 (Flyball, 7, EV 81.3 MPH)
|
|
Batting: SHB Bip Roberts
|
0-0: Foul Ball, location: 2F 0-1: Ball 1-1: Ball 2-1: Foul Ball, location: 2F 2-2: DOUBLE (Line Drive, 8RD, EV 109.4 MPH)
|
|
Batting: RHB Ron Wotus
|
0-0: Ball 1-0: Foul Ball, location: 2F 1-1: Ground out 6-3 (Groundball, 4MS, EV 78.1 MPH)
|
| Top of the 2nd over - 0 runs, 1 hit, 0 errors, 1 left on base; Lynn 3 - Waterbury 1 |
| BOTTOM OF THE 2ND |
|
Waterbury Rough Riders batting - Pitching for Lynn Sailors : LHP Manuel Pena
|
|
Batting: RHB Jose Quiroz
|
0-0: Ball 1-0: Called Strike 1-1: Ground out 5-3 (Groundball, 5, EV 91.9 MPH)
|
|
Batting: RHB Joseph Pocoroba
|
0-0: Fly out, F5 (Popup, 56, EV 60.0 MPH)
|
|
Batting: LHB Mike Lebo
|
0-0: Ball 1-0: Ball 2-0: Ball 3-0: Called Strike 3-1: Called Strike 3-2: Foul Ball, location: 2F 3-2: Foul Ball, location: 2F 3-2: Base on Balls
|
|
Batting: RHB Don Leach
|
0-0: Ball 1-0: Reached on error, E4 (Flyball, 34D, EV 90.6 MPH) Mike Lebo to second
|
|
Batting: RHB David Corman
|
0-0: Ball 1-0: Foul Ball, location: 2F 1-1: Foul Ball, location: 2F 1-2: TRIPLE (Flyball, 9LD, EV 97.5 MPH) Mike Lebo scores Don Leach scores
|
|
Batting: RHB Daniel Purpura
|
0-0: Ball 1-0: Swinging Strike 1-1: Ball 2-1: Ball 3-1: Base on Balls
|
|
Batting: RHB Billy Beane
|
0-0: Swinging Strike 0-1: Foul Ball, location: 2F 0-2: Strikes out swinging
|
| Bottom of the 2nd over - 2 runs, 1 hit, 1 error, 2 left on base; Lynn 3 - Waterbury 3 |
| TOP OF THE 3RD |
|
Lynn Sailors batting - Pitching for Waterbury Rough Riders : RHP Jeffrey Orville
|
|
Batting: RHB Mike Rubel
|
0-0: Called Strike 0-1: Ball 1-1: Ball 2-1: Called Strike 2-2: Ball 3-2: Base on Balls
|
|
Batting: RHB Ken Gerhart
|
0-0: Ball 1-0: Reached on error, E5 (Groundball, 56S, EV 80.6 MPH) Mike Rubel to second
|
|
Batting: RHB Mike Reddish
|
0-0: DOUBLE (Flyball, 78XD, EV 108.1 MPH) Mike Rubel scores Ken Gerhart to third
|
|
Batting: RHB Jorge Hinojosa
|
0-0: Called Strike 0-1: Ball 1-1: Ball 2-1: SINGLE (Line Drive, 78S, EV 97.5 MPH) Ken Gerhart scores Mike Reddish to third Runner from 3rd tries for Home, SAFE, throw by LF to home
|
|
Batting: RHB Vinny Jaramillo
|
0-0: Called Strike 0-1: Foul Ball, location: 2F 0-2: Ball 1-2: Ball Jorge Hinojosa is caught stealing 2nd base 2-4 2-2: Foul Ball, location: 2F 2-2: Ball 3-2: Foul Ball, location: 2F 3-2: Base on Balls
|
|
Batting: SHB Danny Gans
|
0-0: Ball 1-0: Ball 2-0: Ball 3-0: Called Strike 3-1: Swinging Strike 3-2: Fielders Choice at 2nd, 4-6 (Groundball, 4, EV 84.4 MPH)
|
|
Batting: RHB Ezequiel Carrasco
|
0-0: Ball 1-0: Ball 2-0: Ball 3-0: Base on Balls Danny Gans to second
|
|
Batting: SHB Bip Roberts
|
0-0: Swinging Strike 0-1: SINGLE (Line Drive, 9LS, EV 99.4 MPH) Danny Gans to third Ezequiel Carrasco to second Runner from 3rd tries for Home, SAFE, throw by RF to home
|
|
Pitching: RHP Harold Jackson
|
|
|
Batting: RHB Ron Wotus
|
0-0: SINGLE (Groundball, 4D, EV 95.0 MPH) Ezequiel Carrasco to third Bip Roberts to second Runner from 3rd tries for Home, SAFE, throw by RF to home
|
|
Now in RF: Wilson Tucker
|
|
|
Batting: RHB Mike Rubel
|
0-0: Swinging Strike 0-1: Fly out, F9 (Flyball, 89D, EV 104.4 MPH)
|
| Top of the 3rd over - 5 runs, 4 hits, 1 error, 2 left on base; Lynn 8 - Waterbury 3 |
| BOTTOM OF THE 3RD |
|
Waterbury Rough Riders batting - Pitching for Lynn Sailors : LHP Manuel Pena
|
|
Batting: RHB Gary Skow
|
0-0: Swinging Strike 0-1: Foul Ball, location: 2F 0-2: Ball 1-2: Ground out U3 (Groundball, 34S, EV 88.8 MPH)
|
|
Batting: RHB Jack Fimple
|
0-0: Ball 1-0: Ball 2-0: Foul Ball, location: 2F 2-1: Foul Ball, location: 2F 2-2: Ball 3-2: Foul Ball, location: 2F 3-2: Foul Ball, location: 2F 3-2: Fly out, F7 (Line Drive, 7D, EV 95.6 MPH)
|
|
Batting: LHB Wilson Tucker
|
0-0: SINGLE (Groundball, 23, EV 71.3 MPH) (infield hit)
|
|
Batting: RHB Joseph Pocoroba
|
0-0: Ball 1-0: Ball 2-0: Ball 3-0: Called Strike 3-1: Base on Balls Wilson Tucker to second
|
|
Batting: LHB Mike Lebo
|
0-0: Called Strike 0-1: Ball 1-1: Swinging Strike 1-2: Strikes out looking
|
| Bottom of the 3rd over - 0 runs, 1 hit, 0 errors, 2 left on base; Lynn 8 - Waterbury 3 |
| TOP OF THE 4TH |
|
Lynn Sailors batting - Pitching for Waterbury Rough Riders : RHP Harold Jackson
|
|
Batting: RHB Ken Gerhart
|
0-0: SINGLE (Line Drive, 9S, EV 87.5 MPH)
|
|
Batting: RHB Mike Reddish
|
0-0: Ball 1-0: Foul Ball, location: 2F 1-1: Foul Ball, location: 2F 1-2: Ball 2-2: Foul Ball, location: 2F 2-2: Ball 3-2: SINGLE (Flyball, 78S, EV 96.3 MPH) Ken Gerhart to second
|
|
Batting: RHB Jorge Hinojosa
|
0-0: Ball 1-0: Ball Passed Ball! Ken Gerhart to third Mike Reddish to second 2-0: Ball 3-0: Called Strike 3-1: Base on Balls
|
|
Batting: RHB Vinny Jaramillo
|
0-0: Fly out, F4 (Popup, 4, EV 58.1 MPH)
|
|
Batting: SHB Danny Gans
|
0-0: Called Strike 0-1: Fly out, F8 (Flyball, 8RXD, EV 93.1 MPH) Runner from 3rd tags up, SCORES, no throw by CF
|
|
Batting: RHB Ezequiel Carrasco
|
0-0: Called Strike 0-1: Foul Ball, location: 2F 0-2: Foul Ball, location: 2F 0-2: Fly out, F8 (Flyball, 89M, EV 78.8 MPH)
|
| Top of the 4th over - 1 run, 2 hits, 0 errors, 2 left on base; Lynn 9 - Waterbury 3 |
| BOTTOM OF THE 4TH |
|
Waterbury Rough Riders batting - Pitching for Lynn Sailors : LHP Manuel Pena
|
|
Batting: RHB Don Leach
|
0-0: Called Strike 0-1: Foul Ball, location: 2F 0-2: Ball 1-2: Foul Ball, location: 2F 1-2: Foul Ball, location: 2F 1-2: Foul Ball, location: 2F 1-2: Foul Ball, location: 2F 1-2: Ground out 6-3 (Groundball, 6, EV 76.9 MPH)
|
|
Batting: RHB David Corman
|
0-0: Ball 1-0: Ground out 6-3 (Groundball, 6, EV 89.4 MPH)
|
|
Batting: RHB Daniel Purpura
|
0-0: Foul Ball, location: 2F 0-1: Swinging Strike 0-2: Ball 1-2: Foul Ball, location: 2F 1-2: Ball 2-2: Strikes out swinging
|
| Bottom of the 4th over - 0 runs, 0 hits, 0 errors, 0 left on base; Lynn 9 - Waterbury 3 |
| TOP OF THE 5TH |
|
Lynn Sailors batting - Pitching for Waterbury Rough Riders : RHP Harold Jackson
|
|
Batting: SHB Bip Roberts
|
0-0: Ball 1-0: Called Strike 1-1: Called Strike 1-2: Ball 2-2: SOLO HOME RUN (Flyball, 9LD, EV 93.8 MPH), Distance : 361 ft
|
|
Batting: RHB Ron Wotus
|
0-0: Called Strike 0-1: Called Strike 0-2: Strikes out swinging
|
|
Batting: RHB Mike Rubel
|
0-0: Ground out 6-3 (Groundball, 6, EV 96.3 MPH)
|
|
Batting: RHB Ken Gerhart
|
0-0: Ball 1-0: Ball 2-0: Ball 3-0: Base on Balls
|
|
Batting: RHB Mike Reddish
|
0-0: Ground out 5-3 (Groundball, 56S, EV 81.9 MPH)
|
| Top of the 5th over - 1 run, 1 hit, 0 errors, 1 left on base; Lynn 10 - Waterbury 3 |
| BOTTOM OF THE 5TH |
|
Waterbury Rough Riders batting - Pitching for Lynn Sailors : LHP Manuel Pena
|
|
Batting: RHB Billy Beane
|
0-0: Ball 1-0: Called Strike 1-1: SINGLE (Groundball, 6M, EV 82.5 MPH) (infield hit)
|
|
Batting: RHB Gary Skow
|
0-0: Ball 1-0: Ball 2-0: Ball 3-0: Called Strike 3-1: Base on Balls Billy Beane to second
|
|
Batting: RHB Jack Fimple
|
0-0: Foul Ball, location: 2F 0-1: Ball 1-1: Swinging Strike 1-2: Fly out, F9 (Flyball, 9LS, EV 88.8 MPH)
|
|
Batting: LHB Wilson Tucker
|
0-0: Foul Ball, location: 2F 0-1: SINGLE (Groundball, 4MD, EV 101.9 MPH) Billy Beane to third Gary Skow to second Throwing error, E8 Billy Beane scores Gary Skow to third Wilson Tucker to second
|
|
Batting: RHB Joseph Pocoroba
|
0-0: Ball 1-0: Fly out, F7 (Flyball, 78D, EV 103.8 MPH) Runner from 3rd tags up, SCORES, throw by LF Wilson Tucker to third
|
|
Batting: LHB Mike Lebo
|
0-0: Ball 1-0: Called Strike 1-1: Swinging Strike 1-2: SINGLE (Flyball, 7LS, EV 93.8 MPH) Wilson Tucker scores
|
|
Batting: RHB Don Leach
|
0-0: Called Strike 0-1: Ball 1-1: Swinging Strike 1-2: Ball 2-2: Foul Ball, location: 2F 2-2: Strikes out swinging
|
| Bottom of the 5th over - 3 runs, 3 hits, 1 error, 1 left on base; Lynn 10 - Waterbury 6 |
| TOP OF THE 6TH |
|
Lynn Sailors batting - Pitching for Waterbury Rough Riders : RHP Harold Jackson
|
|
Batting: RHB Jorge Hinojosa
|
0-0: Foul Ball, location: 2F 0-1: Called Strike 0-2: Strikes out swinging
|
|
Batting: RHB Vinny Jaramillo
|
0-0: Ball 1-0: Foul Ball, location: 2F 1-1: Ball 2-1: Foul Ball, location: 2F 2-2: Foul Ball, location: 2F 2-2: Foul Ball, location: 2F 2-2: Fly out, F8 (Flyball, 8RXD, EV 85.6 MPH)
|
|
Pitching: RHP Arcadio Cruz
|
|
|
Batting: SHB Danny Gans
|
0-0: Called Strike 0-1: Ball 1-1: Swinging Strike 1-2: Ground out U3 (Groundball, 3, EV 83.1 MPH)
|
| Top of the 6th over - 0 runs, 0 hits, 0 errors, 0 left on base; Lynn 10 - Waterbury 6 |
| BOTTOM OF THE 6TH |
|
Waterbury Rough Riders batting - Pitching for Lynn Sailors : LHP Manuel Pena
|
|
Pitching: RHP Trent Ferrin
|
|
|
Batting: RHB David Corman
|
0-0: Called Strike 0-1: Foul Ball, location: 2F 0-2: Ball 1-2: Ground out 5-3 (Groundball, 56S, EV 72.5 MPH)
|
|
Batting: RHB Daniel Purpura
|
0-0: Foul Ball, location: 2F 0-1: Called Strike 0-2: Foul Ball, location: 2F 0-2: Ball 1-2: Ball 2-2: Ball 3-2: Fly out, F9 (Line Drive, 9, EV 87.5 MPH)
|
|
Batting: RHB Billy Beane
|
0-0: Ball 1-0: Foul Ball, location: 2F 1-1: Ball 2-1: SINGLE (Groundball, 15S, EV 69.4 MPH) (infield hit)
|
|
Batting: RHB Gary Skow
|
Pickoff Throw to First - Error! E1 Billy Beane to second 0-0: Called Strike 0-1: Foul Ball, location: 2F 0-2: Foul Ball, location: 2F 0-2: SINGLE (Line Drive, 4M, EV 95.0 MPH) Billy Beane to third Runner from 3rd tries for Home, SAFE, throw by CF to home
|
|
Batting: RHB Jack Fimple
|
0-0: Fly out, F8 (Flyball, 8LM, EV 81.9 MPH)
|
| Bottom of the 6th over - 1 run, 2 hits, 1 error, 1 left on base; Lynn 10 - Waterbury 7 |
| TOP OF THE 7TH |
|
Lynn Sailors batting - Pitching for Waterbury Rough Riders : RHP Arcadio Cruz
|
|
Batting: RHB Ezequiel Carrasco
|
0-0: Ball 1-0: Foul Ball, location: 2F 1-1: Foul Ball, location: 2F 1-2: Ball 2-2: Foul Ball, location: 2F 2-2: Fly out, F7 (Flyball, 7S, EV 84.4 MPH)
|
|
Batting: SHB Bip Roberts
|
0-0: SOLO HOME RUN (Flyball, 7LD, EV 106.3 MPH), Distance : 351 ft
|
|
Batting: RHB Ron Wotus
|
0-0: Ball 1-0: Foul Ball, location: 2F 1-1: Called Strike 1-2: Strikes out swinging
|
|
Batting: RHB Mike Rubel
|
0-0: Ball 1-0: Ball 2-0: Fly out, F7 (Flyball, 7LS, EV 98.8 MPH)
|
| Top of the 7th over - 1 run, 1 hit, 0 errors, 0 left on base; Lynn 11 - Waterbury 7 |
| BOTTOM OF THE 7TH |
|
Waterbury Rough Riders batting - Pitching for Lynn Sailors : RHP Trent Ferrin
|
|
Batting: LHB Wilson Tucker
|
0-0: Ball 1-0: Called Strike 1-1: Swinging Strike 1-2: Strikes out looking
|
|
Batting: RHB Joseph Pocoroba
|
0-0: Ball 1-0: Foul Ball, location: 2F 1-1: Fly out, F7 (Flyball, 7, EV 84.4 MPH)
|
|
Batting: LHB Mike Lebo
|
0-0: Ball 1-0: Fly out, F6 (Popup, 6, EV 55.0 MPH)
|
| Bottom of the 7th over - 0 runs, 0 hits, 0 errors, 0 left on base; Lynn 11 - Waterbury 7 |
| TOP OF THE 8TH |
|
Lynn Sailors batting - Pitching for Waterbury Rough Riders : RHP Arcadio Cruz
|
|
Batting: RHB Ken Gerhart
|
0-0: Ball 1-0: Ball 2-0: Ball 3-0: Base on Balls
|
|
Batting: RHB Mike Reddish
|
0-0: Called Strike 0-1: Foul Ball, location: 2F 0-2: Ball 1-2: Strikes out swinging
|
|
Batting: RHB Jorge Hinojosa
|
0-0: Called Strike 0-1: Ground out U3 (Groundball, 34S, EV 67.5 MPH) Ken Gerhart to second
|
|
Batting: RHB Vinny Jaramillo
|
0-0: Ball 1-0: Ball 2-0: Ball 3-0: Base on Balls
|
|
Batting: SHB Danny Gans
|
0-0: Foul Ball, location: 2F 0-1: Foul Ball, location: 2F 0-2: Strikes out looking
|
| Top of the 8th over - 0 runs, 0 hits, 0 errors, 2 left on base; Lynn 11 - Waterbury 7 |
| BOTTOM OF THE 8TH |
|
Waterbury Rough Riders batting - Pitching for Lynn Sailors : RHP Trent Ferrin
|
|
Batting: RHB Don Leach
|
0-0: Foul Ball, location: 2F 0-1: Fly out, F8 (Flyball, 89XD, EV 83.8 MPH)
|
|
Batting: RHB David Corman
|
0-0: Fly out, F5 (Line Drive, 5, EV 65.6 MPH)
|
|
Batting: RHB Daniel Purpura
|
0-0: Ball 1-0: SINGLE (Line Drive, 4D, EV 96.9 MPH)
|
|
Batting: RHB Billy Beane
|
0-0: Ball 1-0: Foul Ball, location: 2F 1-1: Ball 2-1: Fly out, F8 (Flyball, 8RXD, EV 89.4 MPH)
|
| Bottom of the 8th over - 0 runs, 1 hit, 0 errors, 1 left on base; Lynn 11 - Waterbury 7 |
| TOP OF THE 9TH |
|
Lynn Sailors batting - Pitching for Waterbury Rough Riders : RHP Arcadio Cruz
|
|
Pitching: RHP John Maxson
|
|
|
Batting: RHB Ezequiel Carrasco
|
0-0: SINGLE (Line Drive, 4D, EV 98.8 MPH)
|
|
Batting: SHB Bip Roberts
|
0-0: Ball Ezequiel Carrasco steals 2nd base (no throw) 1-0: Fly out, F9 (Flyball, 9D, EV 102.5 MPH) Runner from 2nd tags up, SAFE at 3rd, no throw by RF
|
|
Batting: RHB Ron Wotus
|
0-0: Foul Ball, location: 2F 0-1: Ball 1-1: Foul Ball, location: 2F 1-2: Fly out, F8 (Line Drive, 8RM, EV 98.1 MPH) Runner from 3rd tags up, SCORES, no throw by CF
|
|
Batting: RHB Mike Rubel
|
0-0: Swinging Strike 0-1: Ball 1-1: Foul Ball, location: 2F 1-2: Strikes out swinging
|
| Top of the 9th over - 1 run, 1 hit, 0 errors, 0 left on base; Lynn 12 - Waterbury 7 |
| BOTTOM OF THE 9TH |
|
Waterbury Rough Riders batting - Pitching for Lynn Sailors : RHP Trent Ferrin
|
|
Batting: RHB Gary Skow
|
0-0: Ball 1-0: Foul Ball, location: 2F 1-1: Ball 2-1: Ball 3-1: Swinging Strike 3-2: Fly out, F8 (Flyball, 8LD, EV 108.1 MPH)
|
|
Batting: RHB Jack Fimple
|
0-0: Ball 1-0: Ball 2-0: Ball 3-0: Called Strike 3-1: Base on Balls
|
|
Batting: LHB Wilson Tucker
|
0-0: Ball 1-0: Ball 2-0: Swinging Strike 2-1: Ball 3-1: Swinging Strike 3-2: Base on Balls Jack Fimple to second
|
|
Batting: RHB Joseph Pocoroba
|
0-0: Foul Ball, location: 2F 0-1: Ball 1-1: Foul Ball, location: 2F 1-2: Strikes out swinging
|
|
Batting: LHB Mike Lebo
|
0-0: Called Strike 0-1: Ball 1-1: Ball 2-1: Foul Ball, location: 2F 2-2: Ball 3-2: Ground out 6-3 (Groundball, 6M, EV 85.6 MPH)
|
| Bottom of the 9th over - 0 runs, 0 hits, 0 errors, 2 left on base; Lynn 12 - Waterbury 7 |
|